 Dungeon Crawl Stone Soup version 0.16.0-1-gbc1383b (console) character file.

13 gw the Charmwright (level 2, -3/15 HPs)
             Began as a Spriggan Skald on Mar 13, 2015.
             Slain by a kobold
             ... wielding a +0 short sword
              (6 damage)
             ... on level 1 of the Dungeon.
             The game lasted 00:00:22 (702 turns).

gw the Charmwright (Spriggan Skald)                  Turns: 702, Time: 00:00:23

Health: -3/15      AC:  2    Str:  8    XL:     2   Next: 24%
Magic:  0/8        EV: 17    Int: 13    God:
Gold:   28         SH:  0    Dex: 15    Spells: 3 memorised, 2 levels left

rFire  . . .     SeeInvis +     a - +0 falchion
rCold  . . .     Clarity  .     b - +0 robe
rNeg   . . .     SustAb   .     (shield restricted)
rPois  .         Gourm    .     (helmet restricted)
rElec  .         Spirit   .     (no cloak)
rCorr  .         Warding  .     (gloves unavailable)
rMut   .         Stasis   .     (boots unavailable)
MR     .....                    (no amulet)
Stlth  +.........               (no ring)
                                (no ring)

@: infused, singing, very quick, not resistant to hostile enchantments, very
unstealthy
A: unfitting armour, see invisible, herbivore 3, speed 3, slow metabolism 2
a: Stop Singing


You were on level 1 of the Dungeon.
You were not hungry.

You visited 1 branch of the dungeon, and saw 1 of its levels.

You collected 28 gold pieces.

Inventory:

Hand weapons
 a - a +0 falchion (weapon)
Missiles
 e - 3 stones (quivered)
Armour
 b - a +0 robe (worn)
Scrolls
 g - a scroll of random uselessness {unknown}
Potions
 f - a potion of haste {unknown}
Books
 c - a book of Battle

   Spells                             Type                      Level
   a - Infusion                       Charms                       1
   b - Shroud of Golubria             Charms/Translocation         2
   c - Song of Slaying                Charms                       2
   d - Spectral Weapon                Hexes/Charms                 3
   e - Regeneration                   Charms/Necromancy            3
Comestibles
 d - a bread ration


   Skills:
 + Level 1.7 Fighting
 + Level 1.6 Long Blades
 - Level 0.6 Armour
 + Level 1.9 Dodging
 * Level 3.1 Spellcasting
 + Level 4.8 Charms


You had 2 spell levels left.
You knew the following spells:

 Your Spells              Type           Power        Failure   Level  Hunger
a - Infusion              Chrm           ##....       3%          1    #......
b - Shroud of Golubria    Chrm/Tloc      #.........   14%         2    ##.....
c - Song of Slaying       Chrm           ##......     6%          2    ##.....


Dungeon Overview and Level Annotations

Branches:
Dungeon (1/15)

Altars:


Innate Abilities, Weirdness & Mutations

You are tiny and cannot use many weapons and most armour.
You have supernaturally acute eyesight.
You are a herbivore.
You cover ground extremely quickly.
You need consume almost no food.


Message History

The rat bites you.
Your shroud falls apart!
The kobold barely misses you.
A kobold comes into view. It is wielding a dagger.
Unknown command.
Unknown command.
Unknown command.
Unknown command.
ATTACK MOVE TO (-1,1)
You barely miss the rat. The rat closely misses you.
The kobold hits you with a short sword.
Unknown command.
Unknown command.
Unknown command.
Unknown command.
ATTACK MOVE TO (-1,1)
You slash the rat!!
You kill the rat!
The kobold hits you with a short sword.
You die...

.. .}...}....#
#.....
..........####
###### ...}.
.}...# .... .?...
... [.. ... ....
.. .. # ###
....##. .###.#.
#..
...>...)#K..K....
#.# #.%i..##.#
#.# #.%......#
#.# #..(..##.#
#.# ###.####.#
#.. #(.....# ###
#.###### ########
#.....# #.......
#####.## #.######
#...####.#


You could see 2 kobolds.

Table legend:
 A = Turns spent in this place as a percentage of turns spent in the entire game.
 B = Non-inter-level travel turns spent in this place as a percentage of non-inter-level travel turns spent in the entire game.
 C = Inter-level travel turns spent in this place as a percentage of turns spent in this place.
 D = Turns resting spent in this place as a percentage of non-inter-level travel turns spent in this place.
 E = Turns spent auto-exploring this place as a percentage of non-inter-level travel turns spent in this place.
 F = Non-inter-level travel turns spent in this place divided by the number of levels of this place that you've seen.
                   A       B       C       D       E      F
               +-------+-------+-------+-------+-------+----------------------
         Total | 100.0 | 100.0 |   0.0 |   3.9 |   1.5 | 618.0
       Dungeon | 100.0 | 100.0 |   0.0 |   3.9 |   1.5 | 618.0
               +-------+-------+-------+-------+-------+----------------------

Table legend:
 A = Kills in this place as a percentage of kills in entire the game.
 B = Kills by you in this place as a percentage of kills by you in the entire game.
 C = Kills by friends in this place as a percentage of kills by friends in the entire game.
 D = Other kills in this place as a percentage of other kills in the entire game.
 E = Experience gained in this place as a percentage of experience gained in the entire game.
 F = Experience gained in this place divided by the number of levels of this place that you have seen.
                   A       B       C       D       E      F
               +-------+-------+-------+-------+-------+----------------------
         Total | 100.0 | 100.0 |  -nan |  -nan | 100.0 |  19.0
       Dungeon | 100.0 | 100.0 |  -nan |  -nan | 100.0 |  19.0
               +-------+-------+-------+-------+-------+----------------------

Vanquished Creatures
  2 bats (D:1)
  2 giant cockroaches (D:1)
  2 goblins (D:1)
  A hobgoblin (D:1)
  2 kobolds (D:1)
  2 rats (D:1)
11 creatures vanquished.

Notes
Turn   | Place    | Note
--------------------------------------------------------------
     0 | D:1      | gw, the Spriggan Skald, began the quest for the Orb.
     0 | D:1      | Reached XP level 1. HP: 10/10 MP: 4/4
   540 | D:1      | Reached XP level 2. HP: 15/15 MP: 1/8
   603 | D:1      | Learned a level 2 spell: Shroud of Golubria
   606 | D:1      | Learned a level 2 spell: Song of Slaying
   702 | D:1      | Slain by a kobold

Action                   || total
-------------------------++-------
Melee: Falchion          ||    37
 Cast: Infusion          ||     8
       Shroud of Golubri ||     2
       Song of Slaying   ||     1

Vault maps used:
D:1:      dpeg_arrival_tiny_a, kennysheep_crisscross
